 Dungeon Crawl Stone Soup version 0.31.0-11-ge490571c62 (webtiles) character file.

Game seed: 3563352735386913122

125 Abimelech the Apothecary (level 4, -7/48 HPs)
             Began as a Demonspawn Alchemist on Jan 31, 2024.
             Killed by nerve-wracking pain
             ... invoked by Grinder
              (10 damage)
             ... while paralysed by Grinder
             ... on level 3 of the Dungeon.
             The game lasted 00:08:45 (1739 turns).

Abimelech the Apothecary (Demonspawn Alchemist)     Turns: 1739, Time: 00:08:46

Health: -7/48      AC:  7    Str: 10    XL:     4   Next: 82%
Magic:  6/7        EV:  2    Int: 16    God:
Gold:   176        SH:  0    Dex: 19    Spells: 1/7 levels left

rFire   . . .        q - +1 dagger (elec)
rCold   . . .        (no shield)
rNeg    . . .        a - +1 robe
rPois   .            (no helmet)
rElec   .            (no cloak)
rCorr   .            (no gloves)
SInv    .            (no boots)
Will    .....        (no amulet) Stlth
                     j - +4 ring of protection
HPRegen 0.28/turn    i - +6 ring of dexterity
MPRegen 0.10/turn

%: no passive effects
@: paralysed, berserking (expiring)
A: hooves 2
a: no special abilities


You were on level 3 of the Dungeon.
You visited 1 branch of the dungeon, and saw 3 of its levels.

You collected 176 gold pieces.

Inventory:

Hand Weapons
 q - a +1 dagger of electrocution (weapon)
Missiles
 m - 11 poisoned darts (quivered)
Armour
 a - a +1 robe (worn)
Jewellery
 i - a +6 ring of dexterity (right hand)
 j - a +4 ring of protection (left hand)
 l - a +5 ring of evasion
Talismans
 n - a beast talisman
Scrolls
 p - 3 scrolls of amnesia
Potions
 c - a potion of berserk rage
 f - a potion of invisibility {unknown}
 g - a potion of lignification {unknown}
 h - a potion of ambrosia {unknown}
 k - 2 potions of curing


   Skills:
 * Level 1.0 Fighting
 * Level 0.5 Short Blades
 + Level 0.1 Throwing
 * Level 1.3 Armour
 * Level 2.1 Dodging
 * Level 1.9 Stealth
 * Level 2.4 Spellcasting
 * Level 1.7 Conjurations
 * Level 0.2 Air Magic
 * Level 3.9 Alchemy
 * Level 0.1 Shapeshifting


You had one spell level left.
You knew the following spells:

 Your Spells              Type           Power      Damage    Failure   Level
a - Sting                 Conj/Alch      44%        1d5       6%          1
b - Mercury Vapours       Alch/Air       16%        N/A       13%         2
c - Mephitic Cloud        Conj/Alch/Air  8%         N/A       26%         3

Your spell library contained the following spells:

 Spells                   Type           Power      Damage    Failure   Level
 Olgreb's Toxic Radiance  Alch           14%        N/A       36%         4
 Sticky Flame             Fire/Alch      8%         2d4       65%         4
 Alistair's Intoxication  Alch           9%         N/A       73%         5
 Vhi's Electric Charge    Tloc/Air       4%         N/A       88%         4
 Arcjolt                  Conj/Air       2%         1d12      98%         5
 Borgnjor's Vile Clutch   Necr/Erth      0%         N/A       99%         5
 Eringya's Noxious Bog    Alch           7%         4d6       99%         6
 Maxwell's Capacitive Co  Air            1%         ∞         100%        8


Dungeon Overview and Level Annotations

Branches:
Dungeon (3/15)

Altars:

Annotations:
D:3 2 transporters, Grinder; Ijyb; javelincjr's ghost, amateur DsSh


Innate Abilities, Weirdness & Mutations

You have hoof-like feet.


Message History

You hit the goblin.
You kill the goblin!
Things that are here:
a +0 club; a +0 dagger; a goblin corpse Throw: 12 darts (poison)
Press: ? - help, Q - select action, (/) - cycle Shift-Dir - straight line, f - goblin
Aim: a goblin, wielding a +0 dagger (50% to hit)
You throw a poisoned dart. The poisoned dart hits the goblin.
You hit the goblin.
The goblin is heavily wounded.
The goblin misses you.
You hit the goblin.
You kill the goblin!
Okay, then.
It was a potion of berserk rage.
A red film seems to cover your vision as you go berserk!
You feel yourself moving faster!
You feel mighty! Grinder hits you.
You puncture Grinder! You kick Grinder.
Grinder is moderately wounded.
Grinder hits you but does no damage.
You hit Grinder. Lightning courses through Grinder!
Grinder is severely wounded.
You hit Grinder.
Grinder is almost dead.
Grinder hits you.
You writhe in agony.
You closely miss Grinder. Your kick misses Grinder.
Grinder is almost dead.
You barely miss Grinder.
Grinder is almost dead.
Grinder gestures at you.
You suddenly lose the ability to move!
Grinder hits you.
You writhe in agony.
Grinder hits you!
* * * LOW HITPOINT WARNING * * *
You writhe in agony.
* * * LOW HITPOINT WARNING * * *
Grinder gestures at you. Pain shoots through your body!
You die...
Grinder says, "Now the real fun starts!"

####### ### #####.....# #..
########..<..###.####.#
.......))5@..# #...##.#
########.###.###.#.##.# .
#..gg....# #.....#.##.#
....###5#####..# #.#.#.#.##.#####
.!........gg#..###.#.#...........
....###.###.#...............#####
## #.##..........<...#....#
####g.###.##.#.##...#..#
8.8.8gg.###.##...####.#..#


You could see Grinder.

Vanquished Creatures
  Natasha (D:3)
  An orc wizard (D:3)
  2 adders
  A ribbon worm (D:3)
  3 orcs (D:3)
  2 ball pythons
  4 endoplasms
  11 goblins
  6 hobgoblins
  4 jackals (D:3)
  A quokka (D:1)
  3 bats
  2 frilled lizards
  3 kobolds
  3 rats
47 creatures vanquished.

Notes
Turn   | Place    | Note
-------+----------+-------------------------------------------
     0 | D:1      | Abimelech the Demonspawn Alchemist began the quest for the
                  | Orb.
     0 | D:1      | Reached XP level 1. HP: 13/13 MP: 3/3
   204 | D:1      | Discovered your monstrous ancestry.
   204 | D:1      | Gained mutation: You have large cloven feet. [demonic
                  | ancestry]
   204 | D:1      | Reached XP level 2. HP: 9/19 MP: 0/5
   296 | D:1      | Learned a level 2 spell: Mercury Vapours
   727 | D:2      | Gained mutation: You have hoof-like feet. [demonic
                  | ancestry]
   727 | D:2      | Reached XP level 3. HP: 24/25 MP: 6/6
   731 | D:2      | Learned a level 3 spell: Mephitic Cloud
  1109 | D:3      | Noticed Natasha
  1134 | D:3      | Found a transporter.
  1145 | D:3      | Identified the +3 halberd "Zead" {elec, Int+3}
  1242 | D:3      | Reached skill level 1 in Armour
  1302 | D:3      | Reached XP level 4. HP: 28/31 MP: 3/7
  1421 | D:3      | Found a transporter.
  1448 | D:3      | Noticed javelincjr's ghost (amateur DsSh)
  1561 | D:3      | Killed Natasha
  1562 | D:3      | Reached skill level 1 in Fighting
  1682 | D:3      | Noticed Ijyb
  1686 | D:3      | Noticed Grinder
  1736 | D:3      | Paralysed by Grinder for 4 turns
  1739 | D:3      | Killed from afar by Grinder

Illustrated notes

Levels and vault maps discovered:
D:1:      mrwooster_arrival_statue, layout_basic
D:2:      minmay_door_path, layout_basic, nicolae_twisty_statue_hallways
D:3:      kennysheep_the_goblin_king, layout_loops_ring,
          gammafunk_ghost_gnarly_gnolls, uniq_ijyb, uniq_natasha, uniq_grinder

Skill      XL: |  1  2  3  4 |
---------------+-------------+-----
Armour         | 1 |  1.3
Dodging        | 2 |  2.1
Fighting       | 1 |  1.0
Short Blades   | |  0.5
Throwing       | |  0.1
Stealth        | |  1.9
Spellcasting   | |  2.4
Conjurations   | |  1.7
Air Magic      | |  0.2
Alchemy        | |  3.9
Shapeshifting  | |  0.1

Action                     |  1- 3 |  4- 6 || total
---------------------------+-------+-------++-------
  Melee: Dagger            |    54 |    32 ||    86
         Short sword       |     1 |       ||     1
         Kick              |     9 |     8 ||    17
  Throw: Dart              |     5 |     1 ||     6
   Cast: Sting             |    21 |     4 ||    25
         Mercury Vapours   |     4 |     2 ||     6
         Mephitic Cloud    |     1 |     4 ||     5
    Use: Scroll            |     8 |       ||     8
         Potion            |       |     2 ||     2
 Armour: Robe              |    37 |    52 ||    89
  Dodge: Dodged            |    46 |    51 ||    97
